 Dungeon Crawl Stone Soup version 0.21.1-1-g345015f (webtiles) character file.

69 lotte the Chopper (level 4, -4/43 HPs)
             Began as a Deep Dwarf Berserker on June 24, 2018.
             Was a Believer of Trog.
             Slain by a gnoll
             ... wielding a +0 flail
              (9 damage)
             ... on level 2 of the Dungeon.
             The game lasted 00:07:38 (1094 turns).

lotte the Chopper (Deep Dwarf Berserker)            Turns: 1094, Time: 00:07:38

Health: -4/43      AC:  5    Str: 21    XL:     4   Next: 2%
Magic:  4/4        EV: 12    Int:  8    God:    Trog [**....]
Gold:   4          SH:  0    Dex: 12    Spells: 3/3 levels left

rFire    . . .     SeeInvis .   a - +0 hand axe
rCold    . . .     Gourm    .   (no shield)
rNeg     . . .     Faith    .   h - +0 ring mail
rPois    .         Spirit   .   (no helmet)
rElec    .         Reflect  .   (no cloak)
rCorr    .         Harm     .   (no gloves)
MR       ++...                  (no boots)
Stlth    +.........             (no amulet)
HPRegen  1.00/turn              (no ring)
MPRegen  0.09/turn              (no ring)

@: lethally poisoned (-4 -> -4), flying, non-regenerating
A: damage resistance, heal wounds, sense surroundings 1, no regeneration
a: Heal Wounds, Berserk, Trog's Hand, Burn Spellbooks, Renounce Religion


You were on level 2 of the Dungeon.
You worshipped Trog.
Trog was pleased with you.
You were very hungry.

You visited 1 branch of the dungeon, and saw 2 of its levels.

You collected 4 gold pieces.

Inventory:

Hand Weapons
 a - a +0 hand axe (weapon)
Armour
 b - a +0 animal skin
 h - a +0 ring mail (worn)
Scrolls
 e - a scroll of amnesia
 f - a scroll of identify
 g - a scroll of random uselessness {unknown}
Potions
 d - 2 potions of curing {unknown}
 i - a potion of flight
 j - a potion of cancellation {unknown}
Comestibles
 c - a ration


   Skills:
 + Level 3.6 Fighting
 + Level 4.2 Axes
 + Level 2.3 Armour
 + Level 2.6 Dodging


You had 3 spell levels left.
You didn't know any spells.

Dungeon Overview and Level Annotations

Branches:
Dungeon (2/15)

Altars:


Innate Abilities, Weirdness & Mutations

You are resistant to damage.
You can heal yourself by infusing magical energy.
You passively map a small area around you.
You do not regenerate.


Message History

You hit the gnoll but do no damage. You miss the adder.
You are feeling very hungry.
The hobgoblin misses you. The adder bites you but does no damage.
The gnoll closely misses you.
You closely miss the hobgoblin.
The hobgoblin is heavily wounded.
You barely miss the adder. You barely miss the gnoll.
The adder bites you but does no damage. The hobgoblin barely misses you.
The gnoll misses you.
Your skin crawls.
You feel resistant to hostile enchantments.
You feel quite a bit more hungry. The adder bites you.
* * * LOW HITPOINT WARNING * * *
The hobgoblin closely misses you. The adder barely misses you.
The gnoll barely misses you.
You hit the hobgoblin but do no damage.
The hobgoblin is heavily wounded.
You barely miss the gnoll. You closely miss the adder. The adder bites you.
The hobgoblin misses you. The gnoll hits you with a flail!
You die...

, , .......#.#.# ..#
#######* ,.....#.#.#,..#
......# ,...#.#.#...# #
#####.########.#.#.#...#.#
,
)...........)†.(..........
,,
#####......†...#.#.#...#.#
................g....[...#
* ...............ggS.#, ,
####.....#######@### * ,
#.[...# #.....# *, #.....#
####### , , #.....# *
#.....# #.....# * *
#.....# * ≈ ####.....# ,
.........#


You could see 2 gnolls, an adder and a hobgoblin.

Vanquished Creatures
  2 gnolls (D:2)
  An adder (D:2)
  4 bats (D:1)
  3 giant cockroaches
  6 goblins (D:1)
  7 hobgoblins
  A quokka (D:2)
  3 frilled lizards
  6 kobolds
  4 rats
37 creatures vanquished.

Notes
Turn   | Place    | Note
-------+----------+-------------------------------------------
     0 | D:1      | lotte the Deep Dwarf Berserker began the quest for the Orb.
     0 | D:1      | Reached XP level 1. HP: 20/20 MP: 1/1
   172 | D:1      | Reached XP level 2. HP: 25/27 MP: 2/2
   927 | D:2      | Reached skill level 4 in Axes
   927 | D:2      | Reached XP level 3. HP: 23/34 MP: 3/3
   975 | D:2      | Reached ** piety under Trog
  1085 | D:2      | Reached XP level 4. HP: 4/43 MP: 4/4
  1094 | D:2      | Slain by a gnoll

Skill      XL: |  1  2 |
---------------+-------+-----
Fighting       | 3 |  3.6
Axes           | 4 |  4.2
Armour         | |  2.3
Dodging        | |  2.6

Action                   |  1- 3 |  4- 6 || total
-------------------------+-------+-------++-------
Melee: Hand axe          |   113 |     4 ||   117
Invok: Trog's Hand       |     1 |     1 ||     2
  Use: Scroll            |     1 |       ||     1
       Potion            |     1 |       ||     1
 Stab: Sleeping          |     1 |       ||     1
Armor: Animal skin       |    16 |       ||    16
       Ring mail         |    34 |     4 ||    38
Dodge: Dodged            |   109 |    19 ||   128
